 Dungeon Sprint DCSS version 0.29-a0-284-gf9362112df (webtiles) character file.

Game seed: 11699754690591905262

21924 mhtbhm the Phalangite (level 12, -2/136 HPs)
             Began as a Minotaur Berserker on Mar 22, 2022.
             Was a High Priest of Trog.
             Killed from afar by Mara (17 damage)
             ... with a bolt of fire
             ... in the Dungeon (Sprint III: "The Ten Rune Challenge") on Mar 23, 2022.
             The game lasted 00:10:18 (5332 turns).

mhtbhm the Phalangite (Minotaur Berserker)          Turns: 5332, Time: 00:10:19

Health: -2/136     AC: 21    Str: 26    XL:     12   Next: 58%
Magic:  11/11      EV: 13    Int:  4    God:    Trog [*****.]
Gold:   835        SH:  0    Dex: 11    Spells: 11/11 levels left

rFire   . . .      SeeInvis .   a - +1 bardiche (flame)
rCold   . . .      Faith    .   (shield currently unavailable)
rNeg    . . .      Spirit   .   b - +1 chain mail {Will+}
rPois   .          Reflect  .   (helmet restricted)
rElec   .          Harm     .   i - +1 cloak {rCorr}
rCorr   +          Rampage  .   (no gloves)
Will    +....      NoTele   +   t - +1 pair of boots {Stlth+}
Stlth   ++........              (no amulet)
HPRegen 0.32/turn               c - ring of flight
MPRegen 0.12/turn               (no ring)

@: lethally poisoned (-2 -> -3), on berserk cooldown, flying, slowed, very slow
A: horns 2, retaliatory headbutt
a: Renounce Religion, Berserk, Trog's Hand, Brothers in Arms


You were in the Dungeon.
You worshipped Trog.
Trog was extremely pleased with you.
You visited 1 branch You collected 1756 gold pieces.
You spent 921 gold pieces at shops.

Inventory:

Hand Weapons
 a - a +1 bardiche of flaming (weapon)
Missiles
 e - 6 silver javelins (quivered)
 s - 7 curare-tipped darts
Armour
 b - a +1 chain mail of willpower (worn)
 i - a +1 cloak of preservation (worn)
 r - a scarf of shadows
 t - a +1 pair of boots of stealth (worn)
Jewellery
 c - a ring of flight (left hand)
Wands
 p - a wand of iceblast (6)
Scrolls
 h - a scroll of blinking
 j - a scroll of immolation {unknown}
 k - 3 scrolls of identify
 m - a scroll of torment {unknown}
 u - 2 scrolls of holy word
Potions
 f - 2 potions of magic
 g - a potion of berserk rage
 l - a potion of invisibility {unknown}
 n - a potion of resistance {unknown}
 o - 5 potions of mutation
Miscellaneous
 q - a phial of floods (inert)


   Skills:
 + Level 21.5 Fighting
 + Level 21.6 Polearms
 + Level 17.6 Armour
 + Level 11.4 Dodging
 + Level 10.3 Stealth
 + Level 2.1 Evocations


You had 11 spell levels left.
You didn't know any spells.
Your spell library was empty.

Dungeon Overview and Level Annotations

Branches:
Dungeon (1/1)

Altars:
Cheibriados
Dithmenos
Elyvilon
Fedhas
Gozag
Hepliaklqana
Kikubaaqudgha
Makhleb
Nemelex Xobeh
Okawaru
Qazlal
Ru
Sif Muna
Trog
Uskayaw
Vehumet
Wu Jian
Xom
Yredelemnul
Zin
The Shining One
Beogh
Jiyva
Lugonu

Shops:
D *?:?(=:*([!=

Annotations:
D Mara


Innate Abilities, Weirdness & Mutations

You have a pair of horns on your head.
You reflexively headbutt those who attack you in melee.


Message History

The crystal bolt misses you.
Mara hits your stone giant with a +6 demon blade of venom!!
Your stone giant dies!
Your stone giant's corpse disappears in a puff of smoke!
Unknown command.
Unknown command.
Aim the phial where?
Press: ? - help, Shift-Dir - straight line, f - Mara
Aim: Mara, wielding a +6 demon blade of venom and wearing a +0 robe (severely wounded)
The torrent of water hits Mara!
Mara is almost dead.
Mara is knocked back by the torrent of water.
The wave splashes down.
Mara is engulfed in water.
You feel very sick.
You hear a shout!
You hear an angry buzzing noise.
Mara weaves an illusion.
You hear a shout!
Unknown command.
Unknown command.
Unknown command.
Your cyclops goes berserk!
You feel sick. Mara barely misses your cyclops.
Unknown command.
Okay, then.
Blink to where?
Press: ? - help, Dir - move target, p - Mara
As you read the scroll of blinking, it crumbles to dust.
You feel sick. Mara gestures at you.
The bolt of fire misses Mara.
The bolt of fire hits you!!
* * * LOW HITPOINT WARNING * * *
Mara hits your cyclops with a +6 demon blade of venom!
Your cyclops looks as sick as possible!
Your cyclops hits Mara!
Unknown command.
Unknown command.
You feel sick.
Your cyclops hits Mara!!! Mara gestures at you.
The bolt of fire hits Mara!
Mara resists.
The bolt of fire hits you!
You die...

#.#P. ###.∩⌠⌠∩.#
#.#.. ###.#.∩⌠⌠∩.#
#.#.###...#.∩∩∩∩.#
#.#§#...§.#.∩∩.∩.#
#.#§§.....#......#
#[#.§§....###''###
#..§.§§...#.⌠..⌠.#
#########.#......#
.
#.#.#§#.#@.......#
♣♣
#§...C..)........#
#..R.R...).......#
###9##############
##≈R.## ##≈≈@..##
#'###.≈≈....###..
'y..'...@...'....
#'###.......#####


You could see 2 Maras, a crystal guardian and a friendly cyclops (summoned,
berserk, extremely poisoned).

Vanquished Creatures
  Boris (D)
  Sigmund (D)
  Erolcha (D)
  A hydra (D)
  Urug (D)
  4 orc high priests (D)
  A deep elf knight (D)
  A shadow wraith (D)
  A skeletal warrior (D)
  A death drake (D)
  An anaconda zombie (D)
  A lindwurm (D)
  An orange crystal statue (D)
  2 deep elf zephyrmancers (D)
  A swamp dragon (D)
  3 deep elf pyromancers (D)
  3 crystal guardians (D)
  2 stone giant skeletons (D)
  4 statues (D)
  2 cane toads (D)
  Edmund (D)
  A rime drake (D)
  A komodo dragon (D)
  An anaconda simulacrum (D)
  3 wandering mushrooms (D)
  2 tyrant leeches (D)
  A shadow (D)
  5 redbacks (D)
  A spatial vortex (D)
  3 swamp drakes (D)
  4 orc warriors (D)
  5 two-headed ogres (D)
  A necrophage (D)
  A water elemental (D)
  An electric eel (D)
  A jelly (D)
  Crazy Yiuf (D)
  4 orc priests (D)
  A wizard (D)
  A necromancer (D)
  An orc wizard (D)
  3 humans (D)
  A kobold demonologist (D)
  9 orcs (D)
  2 endoplasms (D)
  2 rats (D)
90 creatures vanquished.

Vanquished Creatures (collateral kills)
  A hornet (D)
1 creature vanquished.

Vanquished Creatures (others)
  A hydra (D)
  5 ball lightnings (D)
  A ballistomycete spore (D)
  26 plants (D)
33 creatures vanquished.

Grand Total: 124 creatures vanquished

Notes
Turn   | Place    | Note
-------+----------+-------------------------------------------
     0 | D        | mhtbhm the Minotaur Berserker began the quest for the Orb.
     0 | D        | Reached XP level 1. HP: 19/19 MP: 0/0
    32 | D        | Reached ** piety under Trog
    79 | D        | Noticed Crazy Yiuf
    89 | D        | Killed Crazy Yiuf
    90 | D        | Reached skill level 5 in Fighting
    90 | D        | Reached skill level 5 in Polearms
    90 | D        | Reached skill level 1 in Stealth
    90 | D        | Reached XP level 2. HP: 30/30 MP: 1/1
    90 | D        | Reached XP level 3. HP: 37/37 MP: 2/2
   174 | D        | Noticed a water elemental
   180 | D        | Killed a water elemental
   180 | D        | Reached *** piety under Trog
   181 | D        | Reached XP level 4. HP: 41/47 MP: 3/3
   302 | D        | Found a basalt altar of Yredelemnul.
   302 | D        | Found a shadowy altar of Dithmenos.
   302 | D        | Found a sacrificial altar of Ru.
   302 | D        | Noticed a necrophage
   315 | D        | Killed a necrophage
   316 | D        | Reached XP level 5. HP: 44/53 MP: 4/4
   452 | D        | Found a radiant altar of Vehumet.
   452 | D        | Found a shimmering blue altar of Sif Muna.
   452 | D        | Found an ancient bone altar of Kikubaaqudgha.
   456 | D        | Reached **** piety under Trog
   457 | D        | Reached skill level 5 in Dodging
   472 | D        | Reached skill level 10 in Polearms
   472 | D        | Reached XP level 6. HP: 61/63 MP: 5/5
   485 | D        | Found a glowing silver altar of Zin.
   485 | D        | Found a glowing golden altar of the Shining One.
   485 | D        | Found a white marble altar of Elyvilon.
   486 | D        | Noticed a deep elf pyromancer
   496 | D        | Killed a deep elf pyromancer
   496 | D        | Reached ***** piety under Trog
   497 | D        | Reached skill level 5 in Armour
   497 | D        | Reached XP level 7. HP: 74/74 MP: 6/6
   561 | D        | Found a hide-covered altar of Uskayaw.
   561 | D        | Found an iron altar of Okawaru.
   561 | D        | Found a bloodstained altar of Trog.
   561 | D        | Found an ornate altar of the Wu Jian Council.
   561 | D        | Noticed a human
   561 | D        | Noticed a human
   567 | D        | Killed a human
   573 | D        | Killed a human
   632 | D        | Noticed a shadow
   644 | D        | Killed a shadow
   645 | D        | Reached skill level 5 in Stealth
   645 | D        | Reached XP level 8. HP: 52/85 MP: 7/7
   746 | D        | Found a blossoming altar of Fedhas.
   746 | D        | Found a stormy altar of Qazlal.
   746 | D        | Found a snail-covered altar of Cheibriados.
   746 | D        | Found a burning altar of Makhleb.
   746 | D        | Found a shimmering altar of Xom.
   747 | D        | Found a hazy altar of Hepliaklqana.
   747 | D        | Found an opulent altar of Gozag.
   747 | D        | Found a sparkling altar of Nemelex Xobeh.
   747 | D        | Found a corrupted altar of Lugonu.
   747 | D        | Found a viscous altar of Jiyva.
   995 | D        | Noticed a two-headed ogre
  1018 | D        | Killed a two-headed ogre
  1018 | D        | Received a gift from Trog
  1069 | D        | Noticed a two-headed ogre
  1069 | D        | Noticed Erolcha
  1078 | D        | Killed a two-headed ogre
  1079 | D        | Reached XP level 9. HP: 67/95 MP: 8/8
  1083 | D        | Killed Erolcha
  1084 | D        | Reached skill level 15 in Polearms
  1274 | D        | Reached skill level 15 in Fighting
  1339 | D        | Noticed a wandering mushroom
  1347 | D        | Noticed a wandering mushroom
  1382 | D        | Killed a wandering mushroom
  1383 | D        | Noticed a wandering mushroom
  1400 | D        | Killed a wandering mushroom
  1400 | D        | Received a gift from Trog
  1412 | D        | Killed a wandering mushroom
  1470 | D        | Noticed a cane toad
  1470 | D        | Noticed a komodo dragon
  1470 | D        | Noticed a cane toad
  1478 | D        | Killed a seven-headed hydra
  1481 | D        | Killed a cane toad
  1486 | D        | Killed a cane toad
  1487 | D        | Reached XP level 10. HP: 106/107 MP: 9/9
  1494 | D        | Reached ****** piety under Trog
  1730 | D        | Received a gift from Trog
  1833 | D        | Reached skill level 10 in Dodging
  1918 | D        | Noticed a lindwurm
  1925 | D        | Killed a lindwurm
  2106 | D        | Received a gift from Trog
  2107 | D        | Reached skill level 10 in Armour
  2107 | D        | Noticed Urug
  2117 | D        | Killed Urug
  2253 | D        | Noticed a five-headed hydra
  2304 | D        | Killed a five-headed hydra
  2322 | D        | Noticed a death drake
  2332 | D        | Killed a death drake
  2755 | D        | Noticed a swamp dragon
  2760 | D        | Killed a swamp dragon
  2761 | D        | Reached XP level 11. HP: 94/118 MP: 10/10
  2772 | D        | Noticed a swamp dragon
  3075 | D        | Noticed a swamp dragon
  3519 | D        | Received a gift from Trog
  3525 | D        | Noticed an orc high priest
  3534 | D        | Received a gift from Trog
  3541 | D        | Killed an orc high priest
  3550 | D        | Found Ufugip's Assorted Antiques.
  3623 | D        | Bought an opal ring for 150 gold pieces
  3624 | D        | Bought a glowing scarf for 240 gold pieces
  3633 | D        | Noticed a deep elf knight
  3633 | D        | Noticed a deep elf pyromancer
  3633 | D        | Noticed a deep elf zephyrmancer
  3633 | D        | Noticed a deep elf pyromancer
  3633 | D        | Noticed a deep elf zephyrmancer
  3645 | D        | Killed a deep elf knight
  3646 | D        | Killed a deep elf zephyrmancer
  3646 | D        | Identified the +4 halberd of Beetle's Peril {vorpal, Will+}
                  | (Trog gifted it to you in the Dungeon)
  3646 | D        | Received a gift from Trog
  3652 | D        | Killed a deep elf pyromancer
  3655 | D        | Killed a deep elf pyromancer
  3656 | D        | Reached skill level 1 in Evocations
  3660 | D        | Killed a deep elf zephyrmancer
  3660 | D        | Received a gift from Trog
  3866 | D        | Noticed Sigmund
  3866 | D        | Noticed Edmund
  3875 | D        | Killed Edmund
  3882 | D        | Killed Sigmund
  3883 | D        | Reached skill level 10 in Stealth
  4198 | D        | Reached skill level 15 in Armour
  4202 | D        | Received a gift from Trog
  4326 | D        | Noticed a crystal guardian
  4328 | D        | Noticed an orange crystal statue
  4333 | D        | Killed a crystal guardian
  4354 | D        | Noticed Boris
  4378 | D        | Killed Boris
  4379 | D        | Reached XP level 12. HP: 94/134 MP: 11/11
  4985 | D        | Received a gift from Trog
  5034 | D        | Found Zurphoos's Book Emporium.
  5034 | D        | Found Ageilly's Antique Weapon Boutique.
  5034 | D        | Found Wiblim's Jewellery Shoppe.
  5034 | D        | Found Sital's Jewellery Boutique.
  5034 | D        | Found Emaacah's General Store.
  5034 | D        | Found Ykoskam's Magic Scroll Shoppe.
  5034 | D        | Found Oxtoe's Distillery.
  5034 | D        | Found Buin's Book Shop.
  5034 | D        | Found Qowad Vio's Antique Armour Emporium.
  5034 | D        | Found Usieta's Magic Scroll Emporium.
  5034 | D        | Found Finwepte's Antique Weapon Boutique.
  5197 | D        | Bought a pair of embroidered boots for 150 gold pieces
  5210 | D        | Bought a scroll of holy word for 90 gold pieces
  5212 | D        | Bought a scroll of blinking for 97 gold pieces
  5212 | D        | Bought a scroll of blinking for 97 gold pieces
  5212 | D        | Bought a scroll of holy word for 97 gold pieces
  5306 | D        | Paralysed by an air elemental for 1 turns
  5310 | D        | Noticed Mara
  5327 | D        | Noticed mhtbhm's illusion
  5332 | D        | Killed from afar by Mara

Illustrated notes

Levels and vault maps discovered:
D:        dungeon_sprint_mu [sprint_mu_entry_cave, sprint_mu_temple_rooms,
          sprint_mu_d1_spiders, sprint_mu_d2_genie, sprint_mu_d3_branching,
          sprint_mu_orc_legion, sprint_mu_elf_gauntlet, sprint_mu_hive_nellie,
          sprint_mu_lair_fedhas, sprint_mu_vaults_butterflies,
          sprint_mu_slime_circle, sprint_mu_swamp_cave, sprint_mu_snake_twists,
          sprint_mu_blade_basic, sprint_mu_crypt_lich, sprint_mu_tomb_spiral,
          sprint_mu_vestibule_basic, sprint_mu_gehenna_hellfire,
          sprint_mu_dis_giant, sprint_mu_tartarus_statrot,
          sprint_mu_cocytus_islands, sprint_mu_zot1]

Skill      XL: |  1  2  3  4  5  6  7  8  9 10 11 12 |
---------------+-------------------------------------+-----
Polearms       | 5 7 9 10 12 13 14 16 18 20 21 | 21.6
Fighting       | 5 7 8 9 11 12 14 16 17 20 21 | 21.5
Armour         | 3 4 5 6 8 11 16 17 | 17.6
Dodging        | 3 4 5 6 7 8 9 10 11 | 11.4
Stealth        | 1 2 4 5 6 7 9 10 | 10.3
Evocations     | 1 2 |  2.1

Action                   |  1- 3 |  4- 6 |  7- 9 | 10-12 || total
-------------------------+-------+-------+-------+-------++-------
Melee: Spear             |    28 |    53 |   158 |    55 ||   294
       Headbutt          |     3 |     9 |    20 |    45 ||    77
       Punch             |     1 |       |       |     3 ||     4
       Demon trident     |       |       |       |   171 ||   171
       Bardiche          |       |       |       |    15 ||    15
Invok: Berserk           |     2 |     1 |     5 |    10 ||    18
       Brothers in Arms  |       |       |       |     3 ||     3
Evoke: Wand              |       |       |       |     2 ||     2
       Phial of floods   |       |       |       |     1 ||     1
  Use: Potion            |       |       |     1 |     4 ||     5
       Scroll            |       |       |       |     2 ||     2
 Stab: Sleeping          |     2 |     1 |     1 |     3 ||     7
       Distracted        |       |       |       |     1 ||     1
Armor: Animal skin       |     1 |     2 |       |       ||     3
       Scale mail        |       |       |     2 |     2 ||     4
       Chain mail        |       |       |       |    51 ||    51
Dodge: Dodged            |     6 |    11 |    15 |    76 ||   108

Table legend: (Time is in decaauts)
 A = Elapsed time spent in this place.
 B = Non-inter-level travel time spent in this place.
 C = Inter-level travel time spent in this place.
 D = Time resting spent in this place.
 E = Time spent auto-exploring this place.
 F = Levels seen in this place.
 G = Mean time per level.
                   A        B        C        D        E       F      G
               +--------+--------+--------+--------+--------+-----+--------+
         Total |   5298 |   5232 |     66 |   4036 |     72 |   1 | 5298.0 |
       Dungeon |   5298 |   5232 |     66 |   4036 |     72 |   1 | 5298.0 |
               +--------+--------+--------+--------+--------+-----+--------+

Top non-repeatable levels by time:
       D: 5298 daAuts
